 Dungeon Crawl Stone Soup version 0.19-a0-831-gce7da8b (webtiles) character file.

1937 4thArraOfDagon the Cleaver (level 8, -12/73 HPs)
             Began as a Minotaur Abyssal Knight on June 30, 2016.
             Was a Believer of Lugonu.
             Killed by divine providence
             ... invoked by an orc priest
              (14 damage)
             ... on level 9 of the Dungeon.
             The game lasted 00:12:23 (2583 turns).

4thArraOfDagon the Cleaver (MiAK)                   Turns: 2583, Time: 00:12:23

Health: -12/73     AC: 13    Str: 14    XL:     8   Next: 97%
Magic:  11/11      EV:  5    Int: 12    God:    Lugonu [**....]
Gold:   163        SH:  7    Dex: 13    Spells: 0 memorised, 7 levels left

rFire  . . .     SeeInvis +     l - +1 war axe
rCold  . . .     Gourm    .     f - +0 chain mail of Patterns {+Fly rElec Str-4 SInv} (curse)
rNeg   + . .     Faith    .     w - +0 shield of Hochowky {Int+3} (curse)
rPois  .         Spirit   .     (helmet restricted)
rElec  +         Dismiss  .     o - +0 cloak {+Inv}
rCorr  .         Reflect  .     m - +0 pair of gloves
SustAt .         Harm     +     (no boots)
MR     .....                    v - amulet of harm
Stlth  ..........               x - +4 ring of strength
                                h - ring of positive energy

@: not resistant to hostile enchantments, extremely unstealthy
A: retaliatory headbutt, horns 2, weak 1, sturdy frame 1
a: Depart the Abyss, Bend Space, Renounce Religion, Evoke Invisibility, Evoke
Flight


You were on level 9 of the Dungeon.
You worshipped Lugonu.
Lugonu was pleased with you.
You were very hungry.

You visited 1 branch of the dungeon, and saw 10 of its levels.
You visited the Abyss 1 time.

You collected 163 gold pieces.

Inventory:

Hand Weapons
 a - a +1 hand axe
 l - a +1 war axe (weapon)
Missiles
 s - 4 poisoned tomahawks (quivered)
Armour
 b - a +0 leather armour
 d - a +1 leather armour of positive energy
 f - the cursed +0 chain mail of Patterns (worn) {+Fly rElec Str-4 SInv}
   (You found it on level 8 of the Dungeon)

   It affects your strength (-4).
   It insulates you from electricity.
   It lets you see invisible.
   It lets you fly.
   It has a curse placed upon it.
 j - a +0 chain mail of fire resistance
 m - a +0 pair of gloves (worn)
 o - a +0 cloak of invisibility (worn)
 q - a +0 chain mail
 w - the cursed +0 shield of Hochowky (worn) {Int+3}
   (You found it on level 4 of the Dungeon)

   It affects your intelligence (+3).
   It has a curse placed upon it.
Magical Staves
 e - an uncursed staff of energy {unknown}
Jewellery
 h - a ring of positive energy (left hand)
 r - an uncursed amulet of the gourmand
 v - an amulet of harm (around neck)
 x - a +4 ring of strength (right hand)
Scrolls
 k - a scroll of random uselessness
Potions
 n - a potion of curing
Books
 u - a Grand Grimoire

   Spells                             Type                      Level
   a - Monstrous Menagerie            Summoning                    7
   b - Summon Greater Demon           Summoning                    7
   c - Malign Gateway                 Summoning/Translocation      7
   d - Summon Horrible Things         Summoning                    8
Comestibles
 c - 3 bread rations
 g - 3 meat rations


   Skills:
 + Level 7.1 Fighting
 * Level 9.2 Axes
 + Level 6.6 Armour
 - Level 1.1 Dodging
 + Level 5.6 Invocations


You had 7 spell levels left.
You didn't know any spells.

Dungeon Overview and Level Annotations

Branches:
Dungeon (10/15)
 Temple: D:4-7         Lair: D:8-11         Orc: D:9-12

Altars:
Fedhas


Innate Abilities, Weirdness & Mutations

You reflexively headbutt those who attack you in melee.
You have a pair of horns on your head.
You are weak. (Str -2)
Your movements are slightly less encumbered by armour. (ER -2)


Message History

You barely miss the orc warrior.
The orc warrior is severely wounded.
The orc priest calls down the wrath of Beogh upon you.
Beogh smites you!
* * * LOW HITPOINT WARNING * * *
You are too injured to fight recklessly!
Unknown command.
You closely miss the orc warrior.
The orc warrior is severely wounded.
The orc warrior hits you with a mace!
* * * LOW HITPOINT WARNING * * *
You are too injured to fight recklessly!
You slash the orc warrior!
You kill the orc warrior!
Lugonu accepts your kill.
You barely miss the orc. Your headbutt misses the orc.
You block the orc's attack. x2
The orc priest mumbles some strange prayers to Beogh against you.
Beogh smites you!
You die...

#........#.#
#.########.#
#.# .# #.#
#.# #.# ####
#.# ....>
#.#####o.....
#..).@oo.....
#######o..###
..+ .# #


You could see 2 orc priests and 2 orcs.

Vanquished Creatures
  A hungry ghost (D:8)
  3 sky beasts
  An orc warrior (D:9)
  2 black bears
  A wasp (D:8)
  An ogre (D:6)
  2 centaurs (D:8)
  A giant frog (D:9)
  A scorpion (D:8)
  5 wights (D:8)
  4 howler monkeys
  2 hounds
  A jelly (D:8)
  3 orc priests
  A giant frog skeleton (D:5)
  An orc wizard (D:8)
  A centaur skeleton (D:6)
  3 worker ants
  A hound skeleton (D:8)
  2 worker ant zombies
  5 adders
  An adder zombie (D:6)
  A worm (D:4)
  3 giant geckos
  5 orcs (D:8)
  2 giant cockroaches
  A hobgoblin (D:1)
  3 jackals (D:7)
  A kobold (D:3)
  4 quokkas
  3 bats
  2 giant newts
  2 goblins
  9 rats
79 creatures vanquished.

Notes
Turn   | Place    | Note
--------------------------------------------------------------
     0 | Abyss:1  | 4thArraOfDagon the Minotaur Abyssal Knight began the quest for the Orb.
     0 | Abyss:1  | Reached XP level 1. HP: 19/19 MP: 1/1
    11 | Abyss:1  | Found a corrupted altar of Lugonu.
    18 | Abyss:1  | Found an opulent altar of Gozag.
    22 | Abyss:1  | Found a basalt altar of Yredelemnul.
    75 | Abyss:1  | Noticed a small abomination
   120 | Abyss:1  | Noticed a small abomination
   125 | Abyss:1  | Noticed an iron imp
   148 | Abyss:1  | Noticed a raiju
   161 | Abyss:1  | Noticed an ice devil
   167 | Abyss:1  | Noticed a small abomination
   173 | Abyss:1  | Noticed a freezing wraith
   174 | D:1      | Escaped the Abyss
   412 | D:1      | Reached * piety under Lugonu
   413 | D:1      | Reached XP level 2. HP: 27/27 MP: 2/2
   533 | D:2      | Reached skill level 3 in Axes
   585 | D:3      | You fall through a shaft for 2 floors!
   585 | D:5      | Entered Level 5 of the Dungeon
   608 | D:6      | Reached XP level 3. HP: 27/33 MP: 3/3
   618 | D:6      | Reached XP level 4. HP: 20/40 MP: 4/4
   674 | D:6      | Reached skill level 4 in Axes
   680 | D:6      | Noticed a sky beast
   683 | D:7      | Noticed an ice beast
   683 | D:7      | Noticed a sky beast
   685 | D:7      | Noticed a steam dragon
   776 | D:6      | Killed a sky beast
   776 | D:6      | Reached XP level 5. HP: 45/47 MP: 4/6
   801 | D:5      | Noticed a sky beast
   864 | D:6      | Killed a sky beast
   864 | D:6      | Reached skill level 5 in Axes
   864 | D:6      | Reached XP level 6. HP: 29/53 MP: 7/7
   871 | D:6      | Gained mutation: Your movements are slightly less encumbered by armour. (ER -2) [mutagenic meat]
   874 | D:6      | Gained mutation: You are agile. (Dex +2) [mutagenic meat]
   877 | D:6      | Gained mutation: You are weak. (Str -2) [mutagenic meat]
   880 | D:6      | Gained mutation: Scrolls take you a little longer to read. [mutagenic meat]
   886 | D:6      | Gained mutation: Scrolls take you longer to read. [mutagenic meat]
  1187 | D:4      | Got a brightly glowing shield
  1193 | D:4      | Identified the cursed +0 shield of Hochowky {Int+3} (You found it on level 4 of the Dungeon)
  1230 | D:3      | Found a blossoming altar of Fedhas.
  1237 | D:3      | Reached skill level 5 in Fighting
  1330 | D:4      | Reached skill level 6 in Axes
  1342 | D:4      | Reached ** piety under Lugonu
  1342 | D:4      | Reached XP level 7. HP: 35/61 MP: 8/8
  1671 | D:7      | Lost mutation: Scrolls take you longer to read. [potion of cure mutation]
  1671 | D:7      | Lost mutation: Scrolls take you a little longer to read. [potion of cure mutation]
  1671 | D:7      | Lost mutation: You are agile. (Dex +2) [potion of cure mutation]
  1773 | D:8      | Reached skill level 5 in Armour
  1805 | D:8      | Got a slimy chain mail
  1838 | D:8      | Identified the cursed +0 chain mail of Patterns {+Fly rElec Str-4 SInv} (You found it on level 8 of the Dungeon)
  1838 | D:8      | :meh
  1882 | D:8      | Reached skill level 7 in Axes
  1987 | D:8      | HP: 3/62 [wight/halberd (1)]
  1996 | D:8      | Reached XP level 8. HP: 23/70 MP: 10/10
  2075 | D:8      | Reached skill level 8 in Axes
  2145 | D:8      | Reached skill level 5 in Invocations
  2339 | D:9      | Reached *** piety under Lugonu
  2339 | D:9      | Reached skill level 9 in Axes
  2373 | D:10     | Entered Level 10 of the Dungeon
  2393 | D:10     | Noticed a gargoyle
  2418 | D:9      | Identified a scroll of acquirement
  2425 | D:9      | rtofl
  2581 | D:9      | HP: 2/73 [orc warrior/mace (8)]
  2583 | D:9      | Killed from afar by an orc priest

Vault maps used:
D:1:      dpeg_arrival_ratfight
D:2:      nicolae_overflow_hidden_temple, kennysheep_generic_room_10
D:3:      fedhas_altar_2, uniq_terence
D:4:      kennysheep_slug_shrine
D:5:      first_bread, uniq_duvessa
D:6:      lemuel_zombie_altar_kikubaaqudgha, serial_glass, glass_columns_a,
          glass_columns_a, hangedman_decor_peaks_small, hangedman_decor_points
D:7:      st_stairs_10, uniq_joseph
D:8:      serial_glass, glass_columns_c, glass_columns_a
D:9:      gammafunk_temple_overflow_elements, corexii_leaking_fountain,
          grunt_livestock, grunt_ministairs_4, uniq_gastronok
D:10:     erik_lair_island
Abyss:1:  serial_sigils_hangedman_quiver

Skill      XL: |  1  2  3  4  5  6  7  8 |
---------------+-------------------------+-----
Invocations    | 2 3 4 5 |  5.6
Axes           | 3 4 5 6 7 9 |  9.2
Armour         | 3 4 5 6 |  6.6
Fighting       | 4 5 7 |  7.1
Dodging        | |  1.1

Action                   |  1- 3 |  4- 6 |  7- 9 || total
-------------------------+-------+-------+-------++-------
Melee: Hand axe          |    29 |    14 |       ||    43
       Headbutt          |     5 |    10 |    25 ||    40
       War axe           |    13 |    63 |   157 ||   233
Throw: Throwing net      |       |       |     3 ||     3
Invok: Depart the Abyss  |     1 |       |       ||     1
       Banish            |       |       |     1 ||     1
  Use: Scroll            |     1 |       |     9 ||    10
       Potion            |       |     1 |     7 ||     8
  Eat: Chunk             |       |    11 |     4 ||    15
Armor: Ring mail         |    18 |       |       ||    18
       Chain mail        |       |    51 |    88 ||   139
       Skin              |       |       |    12 ||    12
Dodge: Dodged            |    23 |    29 |    42 ||    94
Block: Shield            |       |     7 |    50 ||    57
